 Dungeon Crawl Stone Soup version 0.21-a0-625-g1119ec1 (webtiles) character file.

51 ricardofg the Magician (level 3, 20/20 HPs)
             Began as a Gargoyle Wizard on Dec 24, 2017.
             Got out of the dungeon alive.
             The game lasted 00:07:04 (2492 turns).

ricardofg the Magician (Gargoyle Wizard)            Turns: 2492, Time: 00:07:05

Health: 20/20      AC:  5    Str: 10    XL:     3   Next: 81%
Magic:  8/8        EV: 12    Int: 19    God:
Gold:   106        SH:  2    Dex:  8    Spells: 3/10 levels left

rFire    . . .     SeeInvis .   q - +0 spear
rCold    + . .     Gourm    .   (no shield)
rNeg     + . .     Faith    .   a - +0 robe
rPois    ∞         Spirit   .   b - +0 hat
rElec    +         Reflect  +   (no cloak)
rCorr    .         Harm     .   (no gloves)
MR       .....                  (no boots)
Stlth    ++........             o - +2 amulet of reflection
HPRegen  0.06/turn              i - ring of wizardry
MPRegen  0.11/turn              j - ring of protection from cold

@: no status effects
A: negative energy resistance 1, electricity resistance, unbreathing,
petrification resistance, rot immunity, AC +3
a: no special abilities


You escaped.
You were not hungry.

You visited 1 branch of the dungeon, and saw 3 of its levels.

You collected 106 gold pieces.

Inventory:

Hand Weapons
 k - a +0 dagger
 q - a +0 spear (weapon)
Armour
 a - a +0 robe (worn)
 b - a +0 hat (worn)
Jewellery
 i - a ring of wizardry (left hand)
 j - a ring of protection from cold (right hand)
 o - a +2 amulet of reflection (around neck)
 r - a +4 ring of dexterity {unknown}
Scrolls
 e - a scroll of blinking {unknown}
 f - 3 scrolls of identify {unknown}
 l - a scroll of immolation {unknown}
Potions
 g - 2 potions of might {unknown}
 m - a potion of flight {unknown}
 n - a potion of curing {unknown}
 p - a potion of agility {unknown}
Books
 c - a book of Minor Magic

   Spells                             Type                      Level
   a - Magic Dart                     Conjuration                  1
   b - Blink                          Translocation                2
   c - Call Imp                       Summoning                    2
   d - Slow                           Hexes                        2
   e - Conjure Flame                  Conjuration/Fire             3
   f - Mephitic Cloud                 Conjuration/Poison/Air       3
Comestibles
 d - 3 rations


   Skills:
 + Level 0.7 Fighting
 + Level 0.3 Short Blades
 - Level 1.5 Dodging
 - Level 2.1 Stealth
 + Level 0.4 Unarmed Combat
 + Level 4.0 Spellcasting
 + Level 1.5 Conjurations
   Level 0.8 Summonings
   Level 0.8 Translocations


You had 3 spell levels left.
You knew the following spells:

 Your Spells              Type           Power        Failure   Level  Hunger
a - Magic Dart            Conj           #...         2%          1    None
b - Conjure Flame         Conj/Fire      #.......     12%         3    ###....
c - Mephitic Cloud        Conj/Pois/Air  #.......     13%         3    ###....


Dungeon Overview and Level Annotations

Branches:
Dungeon (3/15)

Altars:
Dithmenos
Sif Muna

Annotations:
D:3 jejorda2's ghost, amateur MiGl


Innate Abilities, Weirdness & Mutations

You are resistant to torment.
Your stone body is resilient. (AC +3)
You are immune to poison.
You resist negative energy. (rN+)
You are resistant to electric shocks. (rElec)
You can survive without breathing.
You are immune to petrification.
You are immune to rotting.


Message History

Welcome back, ricardofg the Gargoyle Wizard.
Press ? for a list of commands and other information.
(D) Dungeon
Where to? (? - help) Eating one of 2 chunks of flesh.
You eat one of the 2 chunks of flesh.
This raw flesh tastes terrible.
There is a stone staircase leading up here.
You climb upwards.
There is a stone staircase leading down here.
(D) Dungeon
Where to? (Enter - D:2, ? - help)
There is a stone staircase leading up here.
You climb upwards.
There is a stone staircase leading down here.
All of the chunks of flesh in your inventory have rotted away.
You open the door.
There is an open door here.
There is a staircase leading out of the dungeon here.
Are you sure you want to leave the Dungeon?
This will make you lose the game!
You have escaped!

....#.#...##...##...##...# #..
......#..####..##..####..# ###
......#..####..##..####..#
....#.#...##...##...##...#
#.....#..................#
..#.#.##................#######
..#.#.#######..##..#######....#
#.#.#.#######..##..#######....#
......##........@.......##...)#
###.#.#..................#....###
......#...##...##...##...#.......
......#..####..##..####..#....###
......#..####..##..####..#....#
....#.#...##...##...##...######
###.#.#........##........#
..#.#.#'......####......'########
#.#.#..##################.##.....


There were no monsters in sight!

Vanquished Creatures
  2 adders
  A dart slug (D:1)
  3 giant cockroaches
  3 hobgoblins
  4 jackals
  2 kobolds (D:1)
  6 bats
  5 frilled lizards
  3 goblins
  A rat (D:2)
30 creatures vanquished.

Notes
Turn   | Place    | Note
-------+----------+-------------------------------------------
     0 | D:1      | ricardofg the Gargoyle Wizard began the quest for the Orb.
     0 | D:1      | Reached XP level 1. HP: 10/10 MP: 4/4
   575 | D:1      | Reached XP level 2. HP: 15/15 MP: 1/6
  1577 | D:1      | Reached XP level 3. HP: 10/19 MP: 2/8
  1582 | D:1      | Learned a level 3 spell: Conjure Flame
  1586 | D:1      | Learned a level 3 spell: Mephitic Cloud
  2135 | D:2      | Found a faded altar of an unknown god.
  2185 | D:3      | Found a deep blue altar of Sif Muna.
  2205 | D:3      | Found a shadowy altar of Dithmenos.
  2232 | D:3      | Reached skill level 4 in Spellcasting
  2362 | D:3      | Noticed jejorda2's ghost (amateur MiGl)
  2492 | D:$      | Got out of the dungeon alive.

Vault maps used:
D:1:      minmay_arrival_four_loops, feat_on_display
D:2:      chequers_ecumenical_altar_lobes
D:3:      lemuel_crystal_altar, grunt_dithmenos_smoke_and_mirrors,
          nicolae_ru_the_path_less_chosen, grunt_ministairs_11, st_stairs_4,
          bloody_makhleb

Skill      XL: |  1  2  3 |
---------------+----------+-----
Spellcasting   | 4 |  4.0
Fighting       | |  0.7
Short Blades   | |  0.3
Dodging        | |  1.5
Stealth        | |  2.1
Unarmed Combat | |  0.4
Conjurations   | |  1.5
Summonings     | |  0.8
Translocations | |  0.8

Action                   || total
-------------------------++-------
Melee: Unarmed           ||    28
       Dagger            ||    58
       Spear             ||     2
 Cast: Magic Dart        ||    53
 Stab: Sleeping          ||     1
  Eat: Chunk             ||     5
Armor: Robe              ||    50
Dodge: Dodged            ||    93

Table legend:
 A = Spawn XP
 B = Non-spawn XP
 C = Spawn XP percentage of total XP
 D = Spawn monster count
 E = Non-spawn monster count
 F = Spawn count percentage of total count
 G = Total turns spent on level
                    A         B        C        D         E        F      G
               +---------+---------+-------+---------+---------+-------+---------
         Total |       0 |      73 |   0.0 |       0 |      30 |   0.0 |  2492
               +---------+---------+-------+---------+---------+-------+---------
           D:1 |       0 |      30 |   0.0 |       0 |      18 |   0.0 |  1576
           D:2 |       0 |      29 |   0.0 |       0 |      10 |   0.0 |   700
           D:3 |       0 |      14 |   0.0 |       0 |       2 |   0.0 |   216
               +---------+---------+-------+---------+---------+-------+---------
